[Event "7. Arber-Senioren-Cup 2019"]
[Site "Bodenmais"]
[Date "2019.07.30"]
[Round "4.22"]
[White "Supplieth, Peter"]
[Black "Loibl, Johann"]
[Result "1-0"]
[ECO "A20"]
[WhiteElo "1880"]
[BlackElo "1760"]
[Annotator "NA"]
[PlyCount "153"]
[EventDate "2019.07.27"]
[EventType "swiss"]
[EventCountry "GER"]
[SourceTitle "playchess.com"]
[Source "ChessBase"]
[SourceQuality "1"]
[TimeControl "5400+30"]

1. c4 e5 2. g3 f5 3. Bg2 Nf6 4. Nc3 Bc5 5. e3 O-O 6. Nge2 Nc6 7. d4 exd4 8. exd4 Bb4 9. O-O {[%emt 0:00:00] A25: English Opening vs King's Indian with ...Nc6 but without early d3} Bxc3 10. Nxc3 d6 11. Bf4 Ne7 $146 ({Predecessor:} 11... a6 12. a4 Re8 13. Bg5 Bd7 14. Nd5 Rb8 15. Nxf6+ gxf6 16. Bh4 Qe7 {0-1 (42) Lobato,N (2095)-Pereira,J (1921) Sao Luis 2016}) 12. Qb3 c6 13. Rfe1 d5 14. cxd5 Nexd5 15. Re5 Kh8 16. Nxd5 cxd5 17. Bg5 b6 18. Bxd5 Rb8 19. Rae1 Bb7 20. Bxf6 Qxf6 21. Qf3 Bxd5 22. Rxd5 Rbd8 23. Ree5 g6 24. Qe3 Qc6 25. Rxd8 Rxd8 26. Qc3 Qxc3 27. bxc3 Rd7 28. Kf1 Kg7 29. Ke2 Kf6 30. f4 a6 31. Kd3 b5 32. h4 Rb7 33. Rc5 Rb6 34. a3 Re6 35. Re5 $18 Rc6 36. d5 Rc4 37. Re6+ Kf7 38. Rxa6 Rc5 39. Rd6 Ke7 40. Re6+ Kd7 41. Re5 Kd6 42. Re6+ Kd7 43. Ra6 Rxd5+ 44. Ke3 Rc5 45. Kd4 Rc4+ 46. Kd3 Rc7 47. Rb6 Ra7 48. Rxb5 Rxa3 49. Rb7+ Ke6 50. Rxh7 Ra1 51. Rh6 Kf7 52. h5 gxh5 53. Rxh5 Kf6 54. Kd4 Rd1+ 55. Kc4 Re1 56. Rg5 Rc1 57. Kd4 Rd1+ 58. Kc5 Rd8 59. c4 Rc8+ 60. Kd4 Rd8+ 61. Kc3 Rc8 62. g4 fxg4 63. c5 g3 64. Kc4 Re8 65. c6 Re4+ 66. Kd5 Rxf4 67. Rxg3 Rf1 68. Re3 Rd1+ 69. Kc5 Rc1+ 70. Kd6 Rd1+ 71. Kc7 Rc1 72. Kd7 Rd1+ 73. Kc8 Rc1 74. c7 Rc2 75. Rb3 Ke7 76. Kb7 Kd7 77. Rd3+ 1-0

[Event "7. Arber-Senioren-Cup 2019"]
[Site "Bodenmais"]
[Date "2019.07.30"]
[Round "4.23"]
[White "Schmid, Johann"]
[Black "Trinkl, Andreas"]
[Result "1/2-1/2"]
[ECO "A40"]
[WhiteElo "1842"]
[BlackElo "1620"]
[Annotator "NA"]
[PlyCount "84"]
[EventDate "2019.07.27"]
[EventType "swiss"]
[EventCountry "GER"]
[SourceTitle "playchess.com"]
[Source "ChessBase"]
[SourceQuality "1"]
[TimeControl "5400+30"]

1. d4 g6 2. Nf3 Bg7 3. Bf4 d6 4. e3 a6 5. Be2 Nf6 6. O-O O-O 7. h3 Nbd7 8. Re1 b5 9. a3 Bb7 10. Bh2 c5 11. c3 Ne4 12. Nbd2 f5 13. Nxe4 fxe4 14. Ng5 Rf6 15. Qc2 d5 16. Bg4 Nf8 17. h4 c4 18. b3 Bc8 19. Be2 h6 20. Nh3 Bxh3 21. gxh3 cxb3 22. Qxb3 Rc6 23. Ra2 h5 24. Bg3 e6 25. Kh2 Rac8 26. Rc2 Bf6 27. Rf1 Qa5 28. Rfc1 Be7 29. f3 Qxa3 30. Qa2 Qxa2 31. Rxa2 Rxc3 32. Rxc3 Rxc3 33. Bf2 exf3 34. Bxf3 Ba3 35. Kg3 b4 36. Kf4 a5 37. Be1 Rc7 38. Rg2 Kf7 39. e4 dxe4 40. Bxe4 Bc1+ 41. Ke5 Nd7+ 42. Kd6 Bf4# 1/2-1/2

[Event "7. Arber-Senioren-Cup 2019"]
[Site "Bodenmais"]
[Date "2019.07.30"]
[Round "4.24"]
[White "Busch, Joerg"]
[Black "Auterhoff, Juergen"]
[Result "1-0"]
[ECO "A45"]
[WhiteElo "1851"]
[BlackElo "1673"]
[Annotator "NA"]
[PlyCount "121"]
[EventDate "2019.07.27"]
[EventType "swiss"]
[EventCountry "GER"]
[SourceTitle "playchess.com"]
[Source "ChessBase"]
[SourceQuality "1"]
[TimeControl "5400+30"]

1. d4 Nf6 2. Bf4 d5 3. e3 Bf5 4. Bd3 Bxd3 5. Qxd3 c6 6. Qb3 Qb6 7. Qxb6 axb6 8. Nd2 e6 9. Ngf3 Nbd7 10. O-O Be7 11. h3 O-O 12. a3 b5 13. c3 Nb6 14. Rfe1 Nc4 15. Rab1 Nxd2 16. Nxd2 h6 17. Re2 Rfd8 18. f3 Bd6 19. Bxd6 Rxd6 20. e4 dxe4 21. fxe4 Rd7 22. Rf1 Rad8 23. Nf3 Re7 24. g4 Nh7 25. Kg2 f6 26. e5 Rf7 27. exf6 Rxf6 28. Nd2 Rxf1 29. Nxf1 Kf7 30. Nd2 Nf6 31. Nf3 Nd5 32. Ne5+ Ke7 33. Rf2 Nf6 34. Nd3 b6 35. Ne5 Rd6 36. Re2 Nd5 37. Kg3 g5 38. Nd3 Rd8 39. h4 Rd6 40. hxg5 hxg5 41. Rh2 Nf6 42. Ne5 c5 43. Nf3 Ne4+ 44. Kh3 Kf6 45. Re2 cxd4 46. cxd4 Nc5 47. dxc5 bxc5 48. Rd2 Rxd2 49. Nxd2 Ke5 50. Kg3 Kd4 51. Nf3+ Kd3 52. Nxg5 Kc2 53. Nxe6 c4 54. Nd4+ Kxb2 55. Nxb5 Kb3 56. g5 Ka4 57. g6 Kxb5 58. g7 c3 59. g8=Q Kc5 60. Qg5+ Kd4 61. Qc1 1-0

[Event "7. Arber-Senioren-Cup 2019"]
[Site "Bodenmais"]
[Date "2019.07.30"]
[Round "4.25"]
[White "Pisz, Bretislav"]
[Black "Schmidt, Matthias"]
[Result "0-1"]
[ECO "A15"]
[WhiteElo "1599"]
[BlackElo "2020"]
[Annotator "NA"]
[PlyCount "110"]
[EventDate "2019.07.27"]
[EventType "swiss"]
[EventCountry "GER"]
[SourceTitle "playchess.com"]
[Source "ChessBase"]
[SourceQuality "1"]
[TimeControl "5400+30"]

1. c4 Nf6 2. f4 e6 3. Nf3 d5 4. e3 c5 5. b3 Nc6 6. d3 a6 7. a4 Bd7 8. Ne5 Qc7 9. Bb2 d4 10. Nxd7 Qxd7 11. e4 e5 12. f5 Bd6 13. Be2 Bc7 14. O-O O-O-O 15. h3 Qe7 16. g4 h6 17. Na3 Ba5 18. Nc2 Nd7 19. Bc1 Rdg8 20. Bd2 Bxd2 21. Qxd2 Qg5 22. Qxg5 hxg5 23. Kg2 Kc7 24. Ne1 Nb4 25. Rc1 f6 26. Nc2 Na2 27. Ra1 Nc3 28. Bf3 Ra8 29. Na3 Nb8 30. Nb1 Nxb1 31. Raxb1 Nc6 32. Kg3 Nb4 33. Be2 b5 34. cxb5 axb5 35. Rfc1 Kb6 36. Ra1 bxa4 37. bxa4 Ra5 38. Ra3 Kc6 39. Bd1 Rb8 40. h4 Na6 41. hxg5 fxg5 42. Bb3 Rh8 43. Bd5+ Kb6 44. Bc4 Nb4 45. Raa1 Raa8 46. Rh1 Rxh1 47. Rxh1 Rxa4 48. Rh7 Ra7 49. Rh5 Nxd3 50. Bxd3 Ra3 51. Rxg5 Rxd3+ 52. Kf2 c4 53. Rxg7 c3 54. Rh7 c2 55. Rh1 Rd1 0-1

[Event "7. Arber-Senioren-Cup 2019"]
[Site "Bodenmais"]
[Date "2019.07.30"]
[Round "4.26"]
[White "Riha, Peter"]
[Black "Oberhofer, Max"]
[Result "0-1"]
[ECO "E15"]
[WhiteElo "1720"]
[BlackElo "2187"]
[Annotator "NA"]
[PlyCount "74"]
[EventDate "2019.07.27"]
[EventType "swiss"]
[EventCountry "GER"]
[SourceTitle "playchess.com"]
[Source "ChessBase"]
[SourceQuality "1"]
[TimeControl "5400+30"]

1. d4 Nf6 2. c4 e6 3. Nf3 b6 4. g3 Bb7 5. Bg2 d5 6. Ne5 Be7 7. O-O O-O 8. Nc3 c6 9. b3 Na6 10. Bb2 Rc8 11. cxd5 exd5 12. e3 Nc7 13. Ne2 Ne6 14. Rc1 h5 15. Rc2 Bd6 16. Nc1 h4 17. Ncd3 Ne4 18. Qg4 hxg3 19. hxg3 Nf6 20. Qd1 Rc7 21. Qc1 Qa8 22. Qb1 Re8 23. Rfc1 Ree7 24. Qa1 Qe8 25. Qb1 Ng5 26. Qa1 Nfe4 27. Kf1 f6 28. Nf3 Ba6 29. Nfe1 Nxg3+ 30. Kg1 Nf5 31. Rd2 Ne4 32. Rdd1 Nh4 33. Qb1 Nxg2 34. Nxg2 Qh5 35. Ndf4 Bxf4 36. Nxf4 Qg4+ 37. Ng2 Be2 0-1

[Event "7. Arber-Senioren-Cup 2019"]
[Site "Bodenmais"]
[Date "2019.07.30"]
[Round "4.27"]
[White "Gerl, Hans"]
[Black "Wacker, Manfred"]
[Result "0-1"]
[ECO "E12"]
[WhiteElo "1955"]
[BlackElo "1741"]
[Annotator "NA"]
[PlyCount "113"]
[EventDate "2019.07.27"]
[EventType "swiss"]
[EventCountry "GER"]
[SourceTitle "playchess.com"]
[Source "ChessBase"]
[SourceQuality "1"]
[TimeControl "5400+30"]

1. d4 Nf6 2. c4 e6 3. Nf3 b6 4. a3 Bb7 5. Nc3 d5 6. cxd5 exd5 7. Bg5 Be7 8. e3 Nbd7 9. Bd3 O-O 10. O-O Ne4 11. Bxe7 Qxe7 12. Rc1 Nxc3 13. Rxc3 c5 14. Qc2 h6 15. Bb5 c4 16. Bxd7 Qxd7 17. Ne5 Qe6 18. f4 g6 19. Rf3 Bc8 20. f5 gxf5 21. Qe2 Kh7 22. Rc1 f6 23. Ng6 Kxg6 24. Rh3 Rh8 25. Qh5+ Kg7 26. Rg3+ Kf8 27. Rf1 Qf7 28. Qh4 Be6 29. Rgf3 Ke7 30. Kh1 Rag8 31. h3 h5 32. Qe1 h4 33. Qb4+ Kd8 34. Qd6+ Qd7 35. Qb8+ Ke7 36. Qf4 Qd6 37. Kg1 Qxf4 38. exf4 Rc8 39. Re1 Kd6 40. Rfe3 Rhe8 41. Kf2 Bf7 42. g3 hxg3+ 43. Rxg3 Rxe1 44. Kxe1 Re8+ 45. Kf2 Re4 46. Rg7 Ke6 47. Rh7 Rxf4+ 48. Kg3 Rxd4 49. h4 Rg4+ 50. Kf3 d4 51. h5 Rh4 52. h6 d3 53. Ke3 f4+ 54. Kd2 f3 55. Ke3 Rh2 56. Rh8 f2 57. Kd4 {Ke5+} 0-1

[Event "7. Arber-Senioren-Cup 2019"]
[Site "Bodenmais"]
[Date "2019.07.31"]
[Round "5.1"]
[White "Blechzin, Igor"]
[Black "Pribyl, Josef"]
[Result "1/2-1/2"]
[ECO "A27"]
[WhiteElo "2221"]
[BlackElo "2234"]
[Annotator "NA"]
[PlyCount "21"]
[EventDate "2019.07.27"]
[EventType "swiss"]
[EventCountry "GER"]
[SourceTitle "playchess.com"]
[Source "ChessBase"]
[SourceQuality "1"]
[TimeControl "60/7800+30:0"]

1. c4 e5 2. Nc3 Nc6 3. Nf3 g6 4. d4 exd4 5. Nxd4 Bg7 6. Nxc6 bxc6 7. e4 d6 8. Be2 Ne7 9. O-O O-O 10. Bg5 h6 11. Be3 1/2-1/2

[Event "7. Arber-Senioren-Cup 2019"]
[Site "Bodenmais"]
[Date "2019.07.31"]
[Round "5.2"]
[White "Lorenc, Tomas"]
[Black "Pirrot, Dieter"]
[Result "0-1"]
[ECO "A20"]
[WhiteElo "2158"]
[BlackElo "2315"]
[Annotator "NA"]
[PlyCount "88"]
[EventDate "2019.07.27"]
[EventType "swiss"]
[EventCountry "GER"]
[SourceTitle "playchess.com"]
[Source "ChessBase"]
[SourceQuality "1"]
[TimeControl "60/7800+30:0"]

1. c4 e5 2. g3 Nf6 3. Bg2 c6 4. Nc3 d5 5. cxd5 cxd5 6. d4 exd4 7. Qxd4 Nc6 8. Qd1 d4 9. Ne4 Nxe4 10. Bxe4 Bb4+ 11. Bd2 Bxd2+ 12. Qxd2 O-O 13. Nf3 Re8 14. Bxc6 bxc6 15. Qxd4 Ba6 16. Qxd8 Raxd8 17. e3 c5 18. Rg1 c4 19. Nd2 c3 20. bxc3 Rb8 21. O-O-O Be2 22. Rde1 Bd3 23. e4 Rec8 24. Nb3 a5 25. Kd2 Bc4 26. Rb1 a4 27. Nd4 Bxa2 28. Rxb8 Rxb8 29. Kc2 a3 30. Ra1 Rb2+ 31. Kd3 Bb1+ 32. Ke3 a2 33. h4 h5 34. f3 g6 35. e5 Kf8 36. g4 g5 37. Nf5 Bxf5 38. gxf5 gxh4 39. f6 h3 40. c4 h2 41. c5 Ke8 42. c6 Rc2 43. Kd4 Rxc6 44. Kd5 Rc8 0-1

[Event "7. Arber-Senioren-Cup 2019"]
[Site "Bodenmais"]
[Date "2019.07.31"]
[Round "5.3"]
[White "Puehn, Georg"]
[Black "Herbold, Manfred"]
[Result "1/2-1/2"]
[ECO "C00"]
[WhiteElo "1990"]
[BlackElo "2081"]
[Annotator "NA"]
[PlyCount "80"]
[EventDate "2019.07.27"]
[EventType "swiss"]
[EventCountry "GER"]
[SourceTitle "playchess.com"]
[Source "ChessBase"]
[SourceQuality "1"]
[TimeControl "60/7800+30:0"]

1. e4 e6 2. d3 d5 3. Nd2 Nf6 4. Ngf3 Nc6 5. c3 a5 6. a4 dxe4 7. dxe4 Bc5 8. Bb5 O-O 9. O-O h6 10. h3 Qe7 11. Re1 e5 12. Qc2 Nh5 13. Nf1 Nf4 14. Ng3 g6 15. Be3 Nd8 16. Rad1 c6 17. Bc4 Bxe3 18. Rxe3 Qc5 19. Bf1 b5 20. Ne1 Be6 21. Ne2 bxa4 22. Qxa4 Rb8 23. Rd2 Bb3 24. Qa1 Nde6 25. g3 Nxe2+ 26. Bxe2 a4 27. Qc1 Rfd8 28. Rxd8+ Rxd8 29. Rd3 Bc4 30. Rxd8+ Nxd8 31. Bxc4 Qxc4 32. Qe3 Ne6 33. Nd3 Qb5 34. Kh2 Kh8 35. Qd2 Ng5 36. f3 Qb8 37. Qc2 Qc8 38. Nf2 Qa6 39. h4 Ne6 40. Nd3 Qa5 1/2-1/2

[Event "7. Arber-Senioren-Cup 2019"]
[Site "Bodenmais"]
[Date "2019.07.31"]
[Round "5.4"]
[White "Limberg, Siegfried"]
[Black "Koehler, Gerhard"]
[Result "0-1"]
[ECO "A43"]
[WhiteElo "1983"]
[BlackElo "2197"]
[Annotator "NA"]
[PlyCount "40"]
[EventDate "2019.07.27"]
[EventType "swiss"]
[EventCountry "GER"]
[SourceTitle "playchess.com"]
[Source "ChessBase"]
[SourceQuality "1"]
[TimeControl "60/7800+30:0"]

1. d4 c5 2. dxc5 Nf6 3. Nc3 Qa5 4. Bd2 Qxc5 5. e4 d6 6. Bd3 g6 7. Nge2 Bg7 8. Be3 Qc7 9. f3 a6 10. Qd2 h6 11. a3 b5 12. O-O Nbd7 13. Nc1 Ne5 14. Rb1 Bb7 15. Rd1 Rc8 16. N3e2 O-O 17. Bxh6 Bxh6 18. Qxh6 Qc5+ 19. Kf1 Neg4 20. fxg4 Nxg4 0-1

[Event "7. Arber-Senioren-Cup 2019"]
[Site "Bodenmais"]
[Date "2019.07.31"]
[Round "5.5"]
[White "Glaessl, Matthias"]
[Black "Kurka, Dieter"]
[Result "0-1"]
[ECO "B42"]
[WhiteElo "2148"]
[BlackElo "2006"]
[Annotator "NA"]
[PlyCount "88"]
[EventDate "2019.07.27"]
[EventType "swiss"]
[EventCountry "GER"]
[SourceTitle "playchess.com"]
[Source "ChessBase"]
[SourceQuality "1"]
[TimeControl "60/7800+30:0"]

1. e4 c5 2. Nf3 e6 3. d4 cxd4 4. Nxd4 a6 5. Bd3 Qc7 6. Qe2 d6 7. O-O Nf6 8. c4 Be7 9. Nc3 Nbd7 10. Be3 b6 11. Rac1 Bb7 12. f3 O-O 13. Rfd1 Rac8 14. b3 Rfe8 15. Qf2 Qb8 16. Nde2 d5 17. cxd5 exd5 18. Nxd5 Nxd5 19. exd5 Rxc1 20. Rxc1 Bxd5 21. Bd4 Bd6 22. Qh4 h6 23. Nc3 Nc5 24. Bf5 Be6 25. Bb1 Rd8 26. Be3 Be5 27. Ne2 Bf6 28. Qf4 Bg5 29. b4 Bxf4 30. Bxf4 Qb7 31. bxc5 bxc5 32. Be4 Qb2 33. Rc2 Qa1+ 34. Kf2 Rd1 35. Bd2 Rf1+ 36. Ke3 f5 37. Bc3 Qd1 38. Rd2 Qa4 39. Rd8+ Kf7 40. Bd5 g5 41. Bxe6+ Kxe6 42. g3 Qc6 43. f4 Ke7 44. Rd3 Rf3+ {[%emt 0:01:23] Rd1} 0-1

[Event "7. Arber-Senioren-Cup 2019"]
[Site "Bodenmais"]
[Date "2019.07.31"]
[Round "5.6"]
[White "Kuempers, Ulrich"]
[Black "Nickl, Klaus"]
[Result "1/2-1/2"]
[ECO "D61"]
[WhiteElo "2030"]
[BlackElo "1988"]
[Annotator "NA"]
[PlyCount "45"]
[EventDate "2019.07.27"]
[EventType "swiss"]
[EventCountry "GER"]
[SourceTitle "playchess.com"]
[Source "ChessBase"]
[SourceQuality "1"]
[TimeControl "60/7800+30:0"]

1. d4 Nf6 2. c4 e6 3. Nf3 d5 4. Nc3 Be7 5. Bg5 O-O 6. e3 Nbd7 7. Qc2 c6 8. cxd5 exd5 9. Bd3 Re8 10. O-O g6 11. Rab1 a5 12. Bf4 Nf8 13. h3 Ne6 14. Bh2 Bd6 15. Bxd6 Qxd6 16. Na4 Nd7 17. Rbc1 Kg7 18. Rfd1 h6 19. a3 Ng5 20. Qe2 f5 21. Ne5 Rb8 22. h4 Ne4 23. Nxd7 1/2-1/2

[Event "7. Arber-Senioren-Cup 2019"]
[Site "Bodenmais"]
[Date "2019.07.31"]
[Round "5.7"]
[White "Greul, Hans"]
[Black "Waltenberger, Udo"]
[Result "1/2-1/2"]
[ECO "A48"]
[WhiteElo "2009"]
[BlackElo "1986"]
[Annotator "NA"]
[PlyCount "95"]
[EventDate "2019.07.27"]
[EventType "swiss"]
[EventCountry "GER"]
[SourceTitle "playchess.com"]
[Source "ChessBase"]
[SourceQuality "1"]
[TimeControl "60/7800+30:0"]

1. d4 Nf6 2. Nf3 g6 3. e3 Bg7 4. Be2 O-O 5. c4 d5 6. Nc3 c5 7. O-O cxd4 8. Nxd4 Nc6 9. cxd5 Nxd5 10. Nxd5 Qxd5 11. Bf3 Qd7 12. Nxc6 bxc6 13. Qc2 Bb7 14. Rd1 Qc7 15. Bd2 Rfd8 16. Bc3 Bxc3 17. Qxc3 Rxd1+ 18. Rxd1 Rd8 19. Rxd8+ Qxd8 20. b4 Qb6 21. g3 Qb5 22. a3 Ba6 23. Qc1 Bb7 24. Qc2 a5 25. Qd2 axb4 26. Qxb4 Qxb4 27. axb4 Kf8 28. b5 Ke8 29. bxc6 Ba6 30. Bd5 f6 31. h4 h6 32. f4 Kd8 33. Be4 g5 34. fxg5 fxg5 35. hxg5 hxg5 36. Kg2 Kc7 37. Bf3 Bc8 38. Kh2 Kd6 39. Kg1 e5 40. Be4 Bg4 41. Kf2 Bd1 42. Kg1 Bg4 43. Kg2 Kc7 44. Bd5 Kd6 45. e4 Kc7 46. Kf2 Bd1 47. Ke3 Ba4 48. Kf3 1/2-1/2

[Event "7. Arber-Senioren-Cup 2019"]
[Site "Bodenmais"]
[Date "2019.07.31"]
[Round "5.8"]
[White "Neubauer, Jaroslaus"]
[Black "Godoj, Veit"]
[Result "1/2-1/2"]
[ECO "B06"]
[WhiteElo "2014"]
[BlackElo "1995"]
[Annotator "NA"]
[PlyCount "79"]
[EventDate "2019.07.27"]
[EventType "swiss"]
[EventCountry "GER"]
[SourceTitle "playchess.com"]
[Source "ChessBase"]
[SourceQuality "1"]
[TimeControl "60/7800+30:0"]

1. e4 g6 2. d4 Bg7 3. Nc3 c5 4. dxc5 Bxc3+ 5. bxc3 Nf6 6. e5 Ne4 7. Qd4 Qa5 8. e6 f6 9. exd7+ Nxd7 10. Qb4 Qxc5 11. Qxc5 Ndxc5 12. Be3 b6 13. Bb5+ Bd7 14. c4 Rc8 15. Ne2 Nd6 16. a4 Ndb7 17. Nd4 e5 18. Nb3 a5 19. O-O Bxb5 20. cxb5 Ke7 21. f4 Nd7 22. fxe5 fxe5 23. Rf2 Rhf8 24. Rd2 Rf7 25. Rad1 Ke6 26. h3 Rc4 27. Ra1 h5 28. Ra2 Nbc5 29. Nxc5+ Nxc5 30. Bxc5 Rxc5 31. Ra3 Rd5 32. Rxd5 Kxd5 33. Rd3+ Ke6 34. c4 e4 35. Rd1 Rf5 36. Rd4 Ke5 37. Rd5+ Ke6 38. Rd4 e3 39. g4 Re5 40. Re4 1/2-1/2

[Event "7. Arber-Senioren-Cup 2019"]
[Site "Bodenmais"]
[Date "2019.07.31"]
[Round "5.9"]
[White "Trinkl, Andreas"]
[Black "Korte, Markus"]
[Result "0-1"]
[ECO "C26"]
[WhiteElo "1620"]
[BlackElo "2028"]
[Annotator "NA"]
[PlyCount "131"]
[EventDate "2019.07.27"]
[EventType "swiss"]
[EventCountry "GER"]
[SourceTitle "playchess.com"]
[Source "ChessBase"]
[SourceQuality "1"]
[TimeControl "60/7800+30:0"]

1. e4 e5 2. Bc4 Nf6 3. Nc3 Bc5 4. d3 c6 5. Nf3 d6 6. O-O O-O 7. h3 h6 8. Qe2 Qe7 9. Bb3 Be6 10. Be3 Bb4 11. Nh2 d5 12. Bd2 Nbd7 13. exd5 cxd5 14. Rad1 Rac8 15. f4 exf4 16. Rxf4 Bd6 17. Rff1 Bc5+ 18. Kh1 Rfe8 19. Rde1 Qd6 20. Bf4 Qc6 21. Qf3 Bb4 22. Re2 a6 23. Nd1 Bd6 24. Bxd6 Qxd6 25. Rfe1 Nf8 26. c3 Ng6 27. Nf1 Red8 28. d4 Ne4 29. Nf2 Ng5 30. Qg3 Nf4 31. Re3 Bf5 32. Re5 Nh5 33. Qh2 Be6 34. Bxd5 Kh7 35. Bxe6 fxe6 36. Ne4 Nxe4 37. R1xe4 Nf6 38. Re2 Re8 39. Nd2 b5 40. a3 Nd7 41. R5e3 Qd5 42. Nf3 a5 43. Ne5 Nf6 44. Qg1 b4 45. axb4 axb4 46. Qe1 b3 47. Qb1+ Kg8 48. Qg6 Re7 49. Nd3 Ra8 50. Nb4 Qd6 51. Re1 Ra5 52. Qg3 Qd7 53. Re5 Rxe5 54. Qxe5 Qe8 55. Ra1 Qg6 56. Kh2 h5 57. Nc6 Re8 58. Qe1 Ne4 59. Ne5 Qf5 60. Qf1 Nf2 61. Nf3 Qf4+ 62. Kg1 Ne4 63. Ra7 Qe3+ 64. Kh2 Rf8 65. Ra1 Re8 66. Qc1 0-1

[Event "7. Arber-Senioren-Cup 2019"]
[Site "Bodenmais"]
[Date "2019.07.31"]
[Round "5.10"]
[White "Riedl, Maximilian"]
[Black "Hamlack, Heinz"]
[Result "0-1"]
[ECO "B10"]
[WhiteElo "1905"]
[BlackElo "1986"]
[Annotator "NA"]
[PlyCount "94"]
[EventDate "2019.07.27"]
[EventType "swiss"]
[EventCountry "GER"]
[SourceTitle "playchess.com"]
[Source "ChessBase"]
[SourceQuality "1"]
[TimeControl "60/7800+30:0"]

1. e4 c6 2. d3 d5 3. Nd2 dxe4 4. dxe4 Nf6 5. Bd3 Nbd7 6. Qe2 Ne5 7. Ngf3 Nxd3+ 8. Qxd3 Qxd3 9. cxd3 Bg4 10. h3 Bh5 11. Ke2 e6 12. g4 Bg6 13. Nc4 Be7 14. b3 a5 15. Bb2 O-O 16. Nce5 a4 17. Nxg6 hxg6 18. Nd2 Ra6 19. f3 Rfa8 20. Bc3 c5 21. bxa4 Rxa4 22. Rhb1 R8a7 23. a3 Nd7 24. Nc4 R4a6 25. Rb3 Bd8 26. Rab1 b6 27. Bb2 Bc7 28. Bc1 Kf8 29. f4 Ke7 30. h4 Ra8 31. f5 gxf5 32. exf5 exf5 33. gxf5 f6 34. h5 Rh8 35. h6 gxh6 36. Be3 Raa8 37. d4 h5 38. dxc5 bxc5 39. Rb7 Kd8 40. R7b5 Ra4 41. Kd3 Rg8 42. Bxc5 Rg3+ 43. Ne3 Nxc5+ 44. Rxc5 Rxa3+ 45. Kc4 Rgxe3 46. Rd1+ Kc8 47. Rc1 Re4+ 0-1

[Event "7. Arber-Senioren-Cup 2019"]
[Site "Bodenmais"]
[Date "2019.07.31"]
[Round "5.11"]
[White "Steiger, Michael"]
[Black "Halli, Gerhard"]
[Result "1/2-1/2"]
[ECO "E08"]
[WhiteElo "2016"]
[BlackElo "1955"]
[Annotator "NA"]
[PlyCount "52"]
[EventDate "2019.07.27"]
[EventType "swiss"]
[EventCountry "GER"]
[SourceTitle "playchess.com"]
[Source "ChessBase"]
[SourceQuality "1"]
[TimeControl "60/7800+30:0"]

1. Nf3 d5 2. c4 e6 3. g3 Nf6 4. Bg2 Be7 5. d4 Nbd7 6. Qc2 O-O 7. O-O Re8 8. Nbd2 Bf8 9. e4 Nxe4 10. Nxe4 dxe4 11. Qxe4 Nf6 12. Qc2 c5 13. dxc5 Bxc5 14. Bg5 h6 15. Rad1 Qe7 16. Bf4 a5 17. Ne5 Ra6 18. h4 Rb6 19. Rd3 Nd7 20. Rfd1 Nxe5 21. Bxe5 f6 22. Bc3 Ra6 23. Qd2 Qc7 24. Kh2 Be7 25. b3 a4 26. Be4 f5 1/2-1/2

[Event "7. Arber-Senioren-Cup 2019"]
[Site "Bodenmais"]
[Date "2019.07.31"]
[Round "5.12"]
[White "Steinbach, Peter"]
[Black "Supplieth, Peter"]
[Result "1-0"]
[ECO "D00"]
[WhiteElo "1958"]
[BlackElo "1880"]
[Annotator "NA"]
[PlyCount "47"]
[EventDate "2019.07.27"]
[EventType "swiss"]
[EventCountry "GER"]
[SourceTitle "playchess.com"]
[Source "ChessBase"]
[SourceQuality "1"]
[TimeControl "60/7800+30:0"]

1. d4 d5 2. Bf4 Nf6 3. e3 e6 4. Nd2 Bd6 5. Bg3 b6 6. Ngf3 Bb7 7. Bb5+ c6 8. Bd3 Qe7 9. c4 Nbd7 10. Ne5 Rc8 11. Qa4 a5 12. O-O O-O 13. cxd5 exd5 14. f4 c5 15. Bh4 c4 16. Bf5 Bc6 17. Nxc6 Qxe3+ 18. Rf2 Rc7 19. Ne5 Nb8 20. Qd1 Qxd4 21. Bxf6 Bc5 22. Bxh7+ Kxh7 23. Qh5+ Kg8 24. Qg5 1-0

[Event "7. Arber-Senioren-Cup 2019"]
[Site "Bodenmais"]
[Date "2019.07.31"]
[Round "5.13"]
[White "Fleuch, Hans-Juergen"]
[Black "Gottwald, Helmut"]
[Result "1-0"]
[ECO "D05"]
[WhiteElo "1951"]
[BlackElo "1579"]
[Annotator "NA"]
[PlyCount "99"]
[EventDate "2019.07.27"]
[EventType "swiss"]
[EventCountry "GER"]
[SourceTitle "playchess.com"]
[Source "ChessBase"]
[SourceQuality "1"]
[TimeControl "60/7800+30:0"]

1. Nf3 Nf6 2. d4 e6 3. e3 c5 4. Bd3 d5 5. c3 Nc6 6. Nbd2 cxd4 7. exd4 Be7 8. O-O O-O 9. Re1 h6 10. Nf1 Nh7 11. Ne5 a6 12. f4 Nf6 13. h3 Qb6 14. Bc2 Na5 15. Ne3 Ne4 16. c4 Bh4 17. Rf1 Bf2+ 18. Rxf2 Nxf2 19. Kxf2 Nxc4 20. Qd3 f5 21. N3xc4 dxc4 22. Nxc4 Qd8 23. g3 b5 24. Ne3 Bb7 25. Bb3 Bd5 26. Nxd5 exd5 27. Qf3 Rc8 28. Qxd5+ Kh8 29. Qxd8 Rfxd8 30. Be3 a5 31. Kf3 a4 32. Be6 Rc2 33. Rb1 Rf8 34. a3 Rf6 35. d5 Rh2 36. Bd4 Rg6 37. Bxf5 Rd6 38. Be6 Rd2 39. Be5 R6xd5 40. Bxd5 Rxd5 41. Bc3 Kg8 42. Re1 Kf7 43. Re5 Rd3+ 44. Kg4 b4 45. Bxb4 Rd7 46. Ra5 g5 47. fxg5 Rd4+ 48. Kf5 hxg5 49. Kxg5 Rd3 50. Ra7+ {[%emt 0:00:07] Ke7 Rxe7} 1-0

[Event "7. Arber-Senioren-Cup 2019"]
[Site "Bodenmais"]
[Date "2019.07.31"]
[Round "5.14"]
[White "Augustin, Christian"]
[Black "Busch, Joerg"]
[Result "1/2-1/2"]
[ECO "A01"]
[WhiteElo "1971"]
[BlackElo "1851"]
[Annotator "NA"]
[PlyCount "38"]
[EventDate "2019.07.27"]
[EventType "swiss"]
[EventCountry "GER"]
[SourceTitle "playchess.com"]
[Source "ChessBase"]
[SourceQuality "1"]
[TimeControl "60/7800+30:0"]

1. b3 d5 2. e3 Bf5 3. Bb2 e6 4. Ne2 Nf6 5. d3 Nbd7 6. Nd2 c6 7. a3 Qc7 8. g3 Be7 9. Bg2 O-O 10. h3 Rad8 11. O-O h6 12. Re1 Rfe8 13. Rc1 Qb8 14. Nf3 Bg6 15. b4 a6 16. Qd2 Bd6 17. Red1 Be7 18. Ned4 Nb6 19. Bf1 e5 1/2-1/2

[Event "7. Arber-Senioren-Cup 2019"]
[Site "Bodenmais"]
[Date "2019.07.31"]
[Round "5.15"]
[White "Oberhofer, Max"]
[Black "Bauer, Werner"]
[Result "1-0"]
[ECO "A41"]
[WhiteElo "2187"]
[BlackElo "1881"]
[Annotator "NA"]
[PlyCount "57"]
[EventDate "2019.07.27"]
[EventType "swiss"]
[EventCountry "GER"]
[SourceTitle "playchess.com"]
[Source "ChessBase"]
[SourceQuality "1"]
[TimeControl "60/7800+30:0"]

1. d4 d6 2. Nf3 f5 3. c4 Nf6 4. Nc3 g6 5. g3 Bg7 6. Bg2 O-O 7. O-O e6 8. Re1 Nbd7 9. b3 Qe7 10. Ba3 Ne4 11. Rc1 Nxc3 12. Rxc3 e5 13. dxe5 Nxe5 14. Rc2 Rd8 15. Nxe5 Bxe5 16. f4 Bf6 17. e4 Qg7 18. Rce2 fxe4 19. Qd5+ Kh8 20. Qxe4 Bd4+ 21. Kh1 Bg4 22. Bf3 Bxf3+ 23. Qxf3 Bf6 24. Qxb7 Rab8 25. Qc6 h5 26. Re6 Rb6 27. Qf3 Ra6 28. Bb4 Rxa2 29. Rxf6 1-0

[Event "7. Arber-Senioren-Cup 2019"]
[Site "Bodenmais"]
[Date "2019.07.31"]
[Round "5.16"]
[White "Zwetz, Anita"]
[Black "Benischek, Wolfgang"]
[Result "0-1"]
[ECO "A45"]
[WhiteElo "1828"]
[BlackElo "2022"]
[Annotator "NA"]
[PlyCount "70"]
[EventDate "2019.07.27"]
[EventType "swiss"]
[EventCountry "GER"]
[SourceTitle "playchess.com"]
[Source "ChessBase"]
[SourceQuality "1"]
[TimeControl "60/7800+30:0"]

1. d4 Nf6 2. Bg5 Ne4 3. Bf4 c5 4. dxc5 Qa5+ 5. c3 Qxc5 6. Be3 Qc7 7. g3 e6 8. Nd2 Nf6 9. Bg2 d5 10. Ngf3 Nc6 11. Nb3 e5 12. Bg5 Be6 13. Bxf6 gxf6 14. Qc2 Be7 15. e4 Nb4 16. Qe2 dxe4 17. Qxe4 f5 18. Qb1 e4 19. Nfd2 Nd3+ 20. Ke2 Bc4 21. Nxc4 Qxc4 22. Bf1 Rd8 23. Nd2 Qc5 24. h3 Qxf2+ 25. Kd1 Bg5 26. Be2 Qe3 27. Nc4 Nf4+ 28. Kc2 Qxe2+ 29. Kb3 b5 30. Na5 Nd3 31. Nc6 Rd6 32. Na5 Ra6 33. Nb7 O-O 34. Rf1 Rb8 35. Rxf5 Nc1+ 0-1